 Dungeon Crawl Stone Soup version 0.29-a0-857-g9b1aa3ac5b (webtiles) character file.

Game seed: 13067508991747925003

1273 concernfroge the Fighter (level 8, 0/72 HPs)
             Began as a Mummy Monk on July 17, 2022.
             Was an Initiate of Gozag.
             Killed from afar by Grinder (17 damage)
             ... with a bolt of dispelling energy
             ... on level 6 of the Dungeon.
             The game lasted 00:15:46 (6203 turns).

concernfroge the Fighter (Mummy Monk)               Turns: 6203, Time: 00:15:46

Health: 0/72       AC: 11    Str: 16    XL:     8   Next: 28%
Magic:  8/8        EV:  5    Int: 10    God:    Gozag
Gold:   449        SH:  0    Dex: 14    Spells: 7/7 levels left

rFire   x . .      SeeInvis .   a - +2 scythe
rCold   + . .      Faith    .   (shield currently unavailable)
rNeg    + + +      Spirit   .   f - +0 plate armour
rPois   ∞          Reflect  .   k - +0 hat
rElec   .          Harm     .   e - scarf {shadows}
rCorr   .          Rampage  .   i - +0 pair of gloves
Will    +....                   (no boots)
Stlth   ..........              (no amulet)
HPRegen 0.22/turn               (no ring)
MPRegen 0.11/turn               (no ring)

@: no status effects
A: cold resistance 1, negative energy resistance 3, torment resistance 2, heat
vulnerability 1, in touch with death 1, no potions
a: Renounce Religion, Potion Petition, Call Merchant, Bribe Branch


You were on level 6 of the Dungeon.
You worshipped Gozag.
Gozag was aware of your devotion.
You visited 2 branches of the dungeon, and saw 7 of its levels.

You collected 449 gold pieces.

Inventory:

Hand Weapons
 a - a +2 scythe (weapon)
 g - a +1 war axe
Missiles
 j - a throwing net (quivered)
Armour
 e - a scarf of shadows (worn)
 f - a +0 plate armour (worn)
 i - a +0 pair of gloves (worn)
 k - a +0 hat (worn)
Wands
 d - a wand of flame (12)
Scrolls
 b - a scroll of teleportation
 h - a scroll of noise


   Skills:
 - Level 10.0 Fighting
 - Level 2.4(3.0) Axes
 + Level 2.5(3.1) Polearms
 - Level 2.4 Dodging
 - Level 1.5 Stealth


You had 7 spell levels left.
You didn't know any spells.
Your spell library was empty.

Dungeon Overview and Level Annotations

Branches:
Dungeon (6/15)             Temple (1/1) D:4

Altars:
Ashenzari
Cheibriados
Fedhas
Gozag
Kikubaaqudgha
Makhleb
Nemelex Xobeh
Okawaru
Ru
Sif Muna
Trog
Uskayaw

Shops:
D:1 !   D:3 !

Annotations:
D:4 Pikel
D:6 Grinder


Innate Abilities, Weirdness & Mutations

You are immune to poison.
Your flesh is cold resistant. (rC+)
You are immune to negative energy. (rN+++)
You are immune to unholy pain and torment.
You are vulnerable to heat. (rF-)
You are in touch with the powers of death.
You do not drink.


Message History

Grinder zaps a wand.
The bolt of dispelling energy hits you!
Your magical effects are unravelling.
You can move again.
There is a stone staircase leading up here.
You climb upwards.
There is a stone staircase leading down here.
You start resting.
HP restored.
You climb downwards.
Level annotation: Grinder
There is a stone staircase leading up here.
You barely miss Grinder. Grinder hits you.
You barely miss Grinder.
Grinder blinks!
You closely miss Grinder.
Grinder zaps a wand.
The bolt of dispelling energy hits you.
Grinder zaps a wand.
The bolt of dispelling energy hits you!
You slash Grinder!
Grinder is moderately wounded.
Grinder hits you but does no damage.
You puncture Grinder!
Grinder is heavily wounded.
Grinder zaps a wand.
The bolt of dispelling energy hits you!
You are too injured to fight recklessly!
You are too injured to fight recklessly!
You closely miss Grinder.
Grinder is heavily wounded.
Grinder barely misses you.
You closely miss Grinder.
Grinder is heavily wounded.
Grinder gestures at you.
You easily resist.
Grinder says, "FISH!"
Grinder zaps a wand.
The bolt of dispelling energy hits you!!
* * * LOW HITPOINT WARNING * * *
You closely miss Grinder.
Grinder is heavily wounded.
Grinder zaps a wand.
The bolt of dispelling energy hits you!
You die...
Your body crumbles into a pile of gold.

...
..##
...#
#..#
#..#
#5.##
#@..#
##..#
..#
..#
...
#...
....


You could see Grinder.

Vanquished Creatures
  Sigmund (D:4)
  An ogre (D:5)
  2 phantoms (D:5)
  An elf zombie (D:5)
  A scorpion (D:5)
  An elf skeleton (D:5)
  A howler monkey (D:5)
  A gnoll bouda (D:5)
  3 hounds
  2 orc priests
  A human skeleton (D:5)
  Jessica (D:3)
  2 human zombies (D:5)
  Natasha (thrice) (D:2)
  3 orc wizards
  9 gnolls
  3 adders
  A white imp (D:5)
  An ufetubus (D:5)
  3 worms
  3 dart slugs
  18 orcs
  5 ball pythons
  3 bats
  4 endoplasms
  2 giant cockroaches
  7 goblins
  4 hobgoblins
  12 jackals
  5 kobolds
  A quokka (D:5)
  2 frilled lizards
  An orc zombie (D:5)
  5 rats
113 creatures vanquished.

Notes
Turn   | Place    | Note
-------+----------+-------------------------------------------
     0 | D:1      | concernfroge the Mummy Monk began the quest for the Orb.
     0 | D:1      | Reached XP level 1. HP: 18/18 MP: 1/1
   107 | D:1      | Reached XP level 2. HP: 18/24 MP: 2/2
   292 | D:1      | Found Geashrir's Distillery.
   696 | D:1      | Reached skill level 4 in Fighting
   876 | D:1      | You fall into a shaft and drop 1 floor!
  1013 | D:2      | Gained mutation: You are in touch with the powers of death.
                  | [Mummy growth]
  1013 | D:2      | Reached XP level 3. HP: 13/31 MP: 3/3
  1632 | D:2      | Noticed Natasha
  1639 | D:2      | Killed Natasha
  1814 | D:2      | Reached XP level 4. HP: 38/38 MP: 4/4
  1948 | D:2      | Noticed Natasha
  1962 | D:2      | Killed Natasha
  1963 | D:2      | Reached skill level 5 in Fighting
  2136 | D:3      | Found a broken altar of Ashenzari.
  2320 | D:3      | Noticed Jessica
  2326 | D:3      | Killed Jessica
  2327 | D:3      | Reached XP level 5. HP: 46/46 MP: 5/5
  2350 | D:3      | Reached skill level 6 in Fighting
  2541 | D:2      | Noticed Natasha
  2551 | D:2      | Killed Natasha
  3231 | D:3      | Found Tisyenwuyne's Distillery.
  3421 | D:3      | Found an opulent altar of Gozag.
  3561 | D:3      | Reached XP level 6. HP: 53/53 MP: 6/6
  3653 | D:4      | Found a staircase to the Ecumenical Temple.
  3653 | D:4      | Noticed Sigmund
  3667 | D:4      | Killed Sigmund
  3668 | D:4      | Reached skill level 7 in Fighting
  3775 | Temple   | Entered the Ecumenical Temple
  4118 | D:4      | Noticed Pikel
  4239 | D:3      | Became a worshipper of Gozag Ym Sagoz the Greedy
  4499 | D:4      | Reached skill level 8 in Fighting
  4499 | D:4      | Reached XP level 7. HP: 61/62 MP: 7/7
  4539 | D:5      | Entered Level 5 of the Dungeon
  4958 | D:5      | Reached skill level 9 in Fighting
  5381 | D:5      | Reached XP level 8. HP: 57/72 MP: 8/8
  5525 | D:5      | Reached skill level 10 in Fighting
  5604 | D:5      | Reached skill level 1 in Polearms
  5689 | D:5      | Found a blossoming altar of Fedhas.
  6124 | D:6      | Noticed Grinder
  6129 | D:6      | Paralysed by Grinder for 2 turns
  6203 | D:6      | Killed from afar by Grinder

Illustrated notes

Levels and vault maps discovered:
D:1:      psy_arrival_basics, layout_basic, serial_shops,
          nicolae_shop_waterfront, ebering_ecumenical_altar_mist,
          serial_park_tiny_1
D:2:      layout_loops_ring, hangedman_glass_teeth, corexii_leaking_fountain,
          chequers_serial_rivers_large_a, uniq_natasha
D:3:      layout_loops_cross, nicolae_overflow_hidden_temple,
          mainiacjoe_overflow_cross_hatched, serial_shops, shop, uniq_jessica
D:4:      layout_loops_ring, minmay_temple_entry_water_ring, hex_large,
          minmay_statues_item, hangedman_decor_slide_cut, minmay_quadrilaterals,
          uniq_pikel, uniq_menkaure, uniq_sigmund
D:5:      layout_basic, mainiacjoe_overflow_tiny_flanked,
          nicolae_ossuary_entry_catacombs
D:6:      layout_cave_pods, nzn_wu_jian_council_hall, uniq_grinder
Temple:   minmay_freezing_vapour_temple

Skill      XL: |  1  2  3  4  5  6  7  8 |
---------------+-------------------------+-----
Fighting       | 4 5 6 8 9 10 | 10.0
Polearms       | 2 |  2.5
Axes           | |  2.4
Dodging        | |  2.4
Stealth        | |  1.5

Action                   |  1- 3 |  4- 6 |  7- 9 || total
-------------------------+-------+-------+-------++-------
Melee: Hand axe          |    96 |       |       ||    96
       Dagger            |     6 |    14 |       ||    20
       War axe           |       |   111 |       ||   111
       Halberd           |       |    73 |   165 ||   238
  Use: Scroll            |       |    10 |     2 ||    12
Armor: Robe              |    34 |       |       ||    34
       Plate armour      |     7 |   138 |   104 ||   249
Dodge: Dodged            |    74 |    52 |    38 ||   164

Table legend: (Time is in decaauts)
 A = Elapsed time spent in this place.
 B = Non-inter-level travel time spent in this place.
 C = Inter-level travel time spent in this place.
 D = Time resting spent in this place.
 E = Time spent auto-exploring this place.
 F = Levels seen in this place.
 G = Mean time per level.
                   A        B        C        D        E       F      G
               +--------+--------+--------+--------+--------+-----+--------+
         Total |   6398 |   6089 |    309 |   1023 |   3898 |   7 |  914.0 |
       Dungeon |   6383 |   6078 |    305 |   1023 |   3888 |   6 | 1063.8 |
        Temple |     15 |     11 |      4 |      0 |     10 |   1 |   15.0 |
               +--------+--------+--------+--------+--------+-----+--------+

Top non-repeatable levels by time:
     D:2: 1747 daAuts
     D:5: 1717 daAuts
     D:3: 1148 daAuts
     D:1: 922 daAuts
     D:4: 832 daAuts
     D:6: 16 daAuts
  Temple: 15 daAuts
